 Dungeon Crawl Stone Soup version 0.24-a0-244-ga6a6ab7d13 (webtiles) character file.

Game seed: 248991371425115159

49 Redear the Charmwright (level 3, 0/18 HPs)
             Began as a Vine Stalker Skald on Apr 10, 2019.
             Succumbed to a kobold's poison
             ... on level 3 of the Dungeon.
             The game lasted 00:02:26 (933 turns).

Redear the Charmwright (Vine Stalker Skald)          Turns: 933, Time: 00:02:26

Health: 0/18       AC:  3    Str: 14    XL:     3   Next: 75%
Magic:  7/7        EV: 17    Int: 13    God:
Gold:   57         SH:  0    Dex: 18    Spells: 5/6 levels left

rFire    . . .     SeeInvis .   a - +0 falchion
rCold    . . .     Gourm    .   (no shield)
rNeg     . . .     Faith    .   b - +0 leather armour
rPois    .         Spirit   +   (no helmet)
rElec    .         Reflect  .   (no cloak)
rCorr    .         Harm     .   (no gloves)
MR       .....                  (no boots)
Stlth    ++........             d - amulet of magic regeneration
HPRegen  0.06/turn              (no ring)
MPRegen  0.35/turn              (no ring)

@: confused, agile, lethally poisoned (0 -> -8)
A: fangs 2, magic shield, antimagic bite, no potion heal 3, rot immunity
a: no special abilities


You were on level 3 of the Dungeon.
You were not hungry.

You visited 1 branch of the dungeon, and saw 3 of its levels.

You collected 57 gold pieces.

Inventory:

Hand Weapons
 a - a +0 falchion (weapon)
Armour
 b - a +0 leather armour (worn)
 i - a +0 pair of gloves
Jewellery
 d - an amulet of magic regeneration (around neck)
Scrolls
 c - 2 scrolls of fear {unknown}
 j - a scroll of enchant weapon {unknown}
 l - a scroll of enchant armour {unknown}
 m - a scroll of identify {unknown}
Potions
 g - a potion of curing {unknown}
 h - a potion of might {unknown}
 k - a potion of degeneration {unknown}
Comestibles
 z - 2 rations


   Skills:
 + Level 2.3 Fighting
 + Level 2.3 Long Blades
 + Level 1.4 Armour
 + Level 2.1 Dodging
 - Level 2.1 Spellcasting
 - Level 3.0 Charms


You had 5 spell levels left.
You knew the following spells:

 Your Spells              Type           Power        Failure   Level  Hunger
z - Infusion              Chrm           #...         9%          1    ##.....

Your spell library contained the following spells:

 Spells                   Type           Power        Failure   Level  Hunger
 Song of Slaying          Chrm           #.......     14%         2    ###....
 Shroud of Golubria       Chrm/Tloc      #.........   26%         2    ###....
 Regeneration             Chrm/Necr      #.........   45%         3    ####...
 Spectral Weapon          Hex/Chrm       #.......     45%         3    ####...


Dungeon Overview and Level Annotations

Branches:
Dungeon (3/15)

Altars:
Fedhas


Innate Abilities, Weirdness & Mutations

You have extremely sharp teeth.
When hurt, damage is shared between your health and your magic reserves.
Your bite disrupts and absorbs the magic of your enemies.
Potions cannot restore your health.
You are immune to rotting.


Message History

You take 1 damage, and have 3/18 hp.
MP restored: 7 You hit the kobold.
You kill the kobold!
* * * LOW HITPOINT WARNING * * *
You feel sick. The rat bites you.
You take 1 damage, and have 2/18 hp.
You now have 5/7 mp.
It was a potion of ambrosia.
You are confused.
Your system rejects the healing.
You feel invigorated. The rat bites you but does no damage.
MP restored: 7
* * * LOW HITPOINT WARNING * * *
You feel sick. The rat completely misses you.
You take 1 damage, and have 1/18 hp.
You closely miss the rat. Your bite misses the rat.
The rat bites you but does no damage.
It was a potion of agility.
You feel agile all of a sudden.
You die...

##### ########.?.
.......#.### ###
#...†<###.#
#.#.#.##.#......r
#.....#.###.K....
#.#(.@r## ......
.#####.###.#.#
#....
#.$.......(.###
####
####.######## #


You could see a rat.

Vanquished Creatures
  A worm (D:2)
  2 dart slugs
  2 leopard geckos
  A ball python (D:1)
  2 bats
  2 giant cockroaches
  10 goblins
  4 hobgoblins
  2 jackals (D:1)
  3 kobolds
  2 frilled lizards
  7 rats
38 creatures vanquished.

Notes
Turn   | Place    | Note
-------+----------+-------------------------------------------
     0 | D:1      | Redear the Vine Stalker Skald began the quest for the Orb.
     0 | D:1      | Reached XP level 1. HP: 11/11 MP: 4/4
   163 | D:1      | Reached skill level 1 in Armour
   193 | D:1      | Reached skill level 2 in Fighting
   193 | D:1      | Reached skill level 2 in Long Blades
   193 | D:1      | Reached XP level 2. HP: 13/15 MP: 6/6
   532 | D:1      | Reached XP level 3. HP: 14/18 MP: 5/7
   595 | D:1      | Reached skill level 2 in Dodging
   823 | D:2      | Found a blossoming altar of Fedhas.
   931 | D:3      | HP: 1/18 [poisoned by a kobold]
   933 | D:3      | Succumbed to a kobold's poison

Levels and vault maps discovered:
D:1:      onia_arrival_mini_maze, layout_loops_ring
D:2:      layout_rooms, fedhas_altar_1, first_ration, kennysheep_cross_room,
          st_stairs_4
D:3:      layout_loops_cross, okawaru_altar_gauntlet_db,
          chequers_temple_overflow_minitemple, chequers_ecumenical_altar_simple,
          uniq_jessica

Skill      XL: |  1  2  3 |
---------------+----------+-----
Armour         | 1 |  1.4
Fighting       | 2 |  2.3
Long Blades    | 2 |  2.3
Dodging        | 2 |  2.1
Spellcasting   | |  2.1
Charms         | |  3.0

Action                   || total
-------------------------++-------
Melee: Falchion          ||    91
       Bite              ||    22
 Cast: Infusion          ||     3
  Use: Potion            ||     2
 Stab: Sleeping          ||     1
Armor: Leather armour    ||    26
Dodge: Dodged            ||    79
       Rpst.: Falchion   ||    26

Table legend:
 A = Non-vault XP
 B = Vault XP
 C = Vault XP percentage of total XP
 D = Non-vault monster count
 E = Vault monster count
 F = Vault count percentage of total count
                 A         B        C        D         E       F
            +---------+---------+-------+---------+---------+-------
      Total |      69 |       1 |   1.4 |      37 |       1 |   2.6
            +---------+---------+-------+---------+---------+-------
        D:1 |      44 |       0 |   0.0 |      24 |       0 |   0.0
        D:2 |      23 |       1 |   4.2 |      11 |       1 |   8.3
        D:3 |       2 |       0 |   0.0 |       2 |       0 |   0.0
            +---------+---------+-------+---------+---------+-------
